 Dungeon Crawl Stone Soup version 0.29-a0-330-g52719c12eb (webtiles) character file.

Game seed: 9380668826396327644

1752 kae the Sneak (level 9, -2/58 HPs)
             Began as an Octopode Fire Elementalist on Apr 16, 2022.
             Was a Follower of Ashenzari.
             Succumbed to a kobold brigand's curare-tipped dart
             ... on level 7 of the Dungeon.
             The game lasted 00:07:22 (9157 turns).

kae the Sneak (Octopode Fire Elementalist)          Turns: 9157, Time: 00:07:23

Health: -2/58      AC:  6    Str:  7    XL:     9   Next: 6%
Magic:  16/16      EV: 14    Int: 21    God:    Ashenzari [*.....]
Gold:   312        SH:  5    Dex: 13    Spells: 4/17 levels left

rFire   + + .      SeeInvis .   b - +3 Elemental Staff {rElec rF++ rC++ AC+5}
rCold   + + .      Faith    .   q - +1 buckler "Shackled With Me" {rN+, Self, Bglg} (curse)
rNeg    + . .      Spirit   .   (helmet restricted)
rPois   .          Reflect  .   (no amulet)
rElec   +          Harm     .   g - ring of flight
rCorr   .          Rampage  .   y - ring of Ashenzari's Repose {Wiz, Evo, Elem} (curse)
Will    .....                   (no ring)
Stlth   ++++......              (no ring)
HPRegen 0.19/turn               (no ring)
MPRegen 0.15/turn               (no ring)
                                (no ring)
                                (no ring)

@: lethally poisoned (-2 -> -41), flying, slowed, very slow
A: almost no armour, amphibious, 8 rings, camouflage 1, gelatinous body 1,
(nimble swimmer 1), tentacles
a: Renounce Religion, Curse Item, Shatter the Chains


You were on level 7 of the Dungeon.
You worshipped Ashenzari.
Ashenzari was aware of your devotion.
You visited 1 branch of the dungeon, and saw 7 of its levels.
You also visited: Sewer.

You collected 312 gold pieces.

Inventory:

Hand Weapons
 b - the +3 Elemental Staff (weapon) {rElec rF++ rC++ AC+5}
   (You acquired it on level 3 of the Dungeon)

   If the wielder is skilled in Evocations, they can discharge powerful blasts
   of elemental energy when striking with it.
   It enhances your fire, ice, earth and air magic.
   AC:        It affects your AC (+5).
   rF:        It greatly protects you from fire.
   rC:        It greatly protects you from cold.
   rElec:     It insulates you from electricity.
Missiles
 i - a throwing net
Armour
 q - the cursed +1 buckler "Shackled With Me" (worn) {rN+, Self, Bglg}
   (You found it on level 3 of the Dungeon)

   It has a curse which improves the following skills: Introspection: Fighting
   and Spellcasting.
   Beguiling: Conjurations, Hexes and Translocations.
Jewellery
 g - a ring of flight (left tentacle)
 y - the cursed ring of Ashenzari's Repose (right tentacle) {Wiz, Evo, Elem}
   (You found it on level 6 of the Dungeon)

   [ring of wizardry]

   It improves your spell success rate.
   It has a curse which improves the following skills: Evocations: Evocations.
   Elements:  Fire Magic, Ice Magic, Air Magic and Earth Magic.
Wands
 k - a wand of iceblast (11)
 u - a wand of charming (21)
Scrolls
 h - a scroll of fear
 j - a scroll of immolation
 l - 4 scrolls of identify
 m - a scroll of enchant weapon
 r - a scroll of teleportation
 v - a scroll of holy word
 w - 2 scrolls of enchant armour
 x - a scroll of torment
Potions
 a - 2 potions of magic
 c - 2 potions of haste
 d - 3 potions of flight
 e - 2 potions of curing
 f - a potion of heal wounds
 n - 2 potions of might
 o - a potion of invisibility
 p - a potion of cancellation
 s - 2 potions of degeneration
 t - a potion of brilliance


   Skills:
 + Level 3.4(4.2) Fighting
 + Level 3.1 Staves
 + Level 4.2 Dodging
 + Level 6.2 Stealth
 + Level 3.1 Shields
 + Level 3.9(4.7) Spellcasting
 + Level 3.8(4.6) Conjurations
 * Level 6.2(7.1) Fire Magic


You had 4 spell levels left.
You knew the following spells:

 Your Spells              Type           Power      Damage    Failure   Level
a - Foxfire               Conj/Fire      100%       2x1d9     1%          1
b - Scorch                Fire           100%       2d10      1%          2
c - Conjure Flame         Conj/Fire      44%        6-21      1%          3
d - Inner Flame           Hex/Fire       30%        N/A       4%          3
e - Flame Wave            Conj/Fire      44%        2d10      5%          4

Your spell library contained the following spells:

 Spells                   Type           Power      Damage    Failure   Level
 Magic Dart               Conj           96%        1d7       1%          1
 Pain                     Necr           16%        1d4       6%          1
 Sting                    Tmut/Pois      16%        1d3       6%          1
 Blink                    Tloc           10%        N/A       9%          2
 Call Imp                 Summ           4%         N/A       9%          2
 Poisonous Vapours        Pois/Air       14%        N/A       9%          2
 Mephitic Cloud           Conj/Pois/Air  17%        N/A       9%          3
 Lesser Beckoning         Tloc           5%         N/A       16%         3
 Olgreb's Toxic Radiance  Pois           4%         N/A       47%         4
 Manifold Assault         Tloc           5%         N/A       80%         5
 Agony                    Necr           4%         N/A       82%         5
 Excruciating Wounds      Necr           2%         N/A       82%         5
 Storm Form               Tmut/Air       3%         N/A       100%        7


Dungeon Overview and Level Annotations

Branches:
Dungeon (7/15)             Temple (0/1) D:6           Sewer (visited)

Altars:
Ashenzari
Dithmenos
Elyvilon
Hepliaklqana
Kikubaaqudgha
Okawaru
Qazlal
Ru
Uskayaw
Xom
The Shining One

Shops:
D:5 =

Annotations:
D:1 exclusion: gnoll
D:4 1 runed translucent door, WLBjork's ghost, amateur HOMo


Innate Abilities, Weirdness & Mutations

You cannot wear most types of armour.
You are amphibious.
You can wear up to eight rings at the same time.
Your skin changes colour to match your surroundings (Stealth+).
Your rubbery body absorbs attacks. (AC +1, EV +1)
((You are camouflaged when in or above water. (Stealth+)))
You have tentacles for arms and can constrict up to eight enemies at once.


Message History

Okay, then.
Okay, then.
Okay, then.
You aren't carrying any armour which can be enchanted further.
Okay, then.
Unknown command.
You hear the faint creaking of a distant portcullis.
The kobold brigand throws a curare-tipped dart.
The curare-tipped dart hits you.
You are poisoned.
You have difficulty breathing.
You feel yourself slow down.
The kobold shoots a bolt.
The bolt closely misses you.
You feel very sick.
The kobold brigand throws a curare-tipped dart.
The curare-tipped dart misses you.
You feel very sick.
The kobold brigand throws a curare-tipped dart.
You block the curare-tipped dart.
The kobold shoots a bolt.
The bolt misses you.
There is a stone staircase leading up here.
You feel very sick.
The kobold brigand throws a curare-tipped dart.
You block the curare-tipped dart.
The kobold shoots a bolt.
The bolt closely misses you.
You feel sick.
The kobold brigand throws a curare-tipped dart.
The curare-tipped dart hits you.
You are lethally poisoned!
You have difficulty breathing.
You feel as though you will be slow longer.
The kobold shoots a bolt.
You block the bolt.
The kobold brigand throws a curare-tipped dart.
The curare-tipped dart hits you.
You are more poisoned.
You have difficulty breathing.
* * * LOW HITPOINT WARNING * * *
You feel as though you will be slow longer.
The kobold shoots a bolt.
The bolt barely misses you.
There is a stone staircase leading up here.
You die...

≈≈≈≈≈≈....## ≈≈≈≈≈≈##....
≈≈≈≈≈≈K......
≈≈≈≈≈≈##.....
≈≈≈≈≈≈..$.K..########## #
..#(.........##.......#..
...)..........#.........#
####......K...........#
#.........##.@.....#
##........ #.......#
#........ #########
##........ #..#.#####
#5##.# #o# .. ####.# .#
...z<# .#


You could see a kobold brigand and a kobold.

Vanquished Creatures
  A sky beast (D:6)
  A black bear (D:5)
  2 ice beasts (D:6)
  2 centaurs
  2 phantoms (D:5)
  2 scorpions (D:5)
  5 wights (D:6)
  3 orc priests
  3 hounds
  A jelly (D:6)
  2 gnoll shamans
  Jessica (D:2)
  2 orc wizards
  2 iguanas
  A hell rat (Sewer)
  9 adders
  6 gnolls
  A river rat (Sewer)
  A shadow imp (D:6)
  An ufetubus (D:4)
  2 worms
  15 orcs
  7 bats
  7 endoplasms
  7 giant cockroaches
  5 goblins
  9 hobgoblins
  9 kobolds
  8 quokkas
  4 ball pythons
  4 frilled lizards (D:1)
  10 rats
135 creatures vanquished.

Vanquished Creatures (collateral kills)
  An orc (D:4)
  An endoplasm (D:4)
  A ball python (D:4)
3 creatures vanquished.

Vanquished Creatures (others)
  456 foxfires
456 creatures vanquished.

Grand Total: 594 creatures vanquished

Notes
Turn   | Place    | Note
-------+----------+-------------------------------------------
     0 | D:1      | kae the Octopode Fire Elementalist began the quest for the
                  | Orb.
     0 | D:1      | Reached XP level 1. HP: 11/11 MP: 3/3
    66 | D:1      | Found a faded altar of an unknown god.
   278 | D:1      | Reached XP level 2. HP: 15/17 MP: 5/5
  1087 | D:1      | Learned a level 2 spell: Scorch
  1166 | D:1      | Reached XP level 3. HP: 22/22 MP: 3/6
  1500 | D:2      | Noticed Jessica
  2076 | D:2      | Killed Jessica
  2077 | D:2      | Reached skill level 1 in Fighting
  2077 | D:2      | Reached XP level 4. HP: 28/28 MP: 1/7
  2681 | D:3      | Identified a scroll of acquirement
  2681 | D:3      | Acquired the +3 Elemental Staff {rElec rF++ rC++ AC+5}
  2681 | D:3      | Found the +3 Elemental Staff {rElec rF++ rC++ AC+5}
  3372 | D:3      | Found a shimmering altar of Xom.
  3703 | D:3      | Found a stormy altar of Qazlal.
  3729 | D:3      | Found a glowing golden altar of the Shining One.
  3753 | D:3      | Reached XP level 5. HP: 33/33 MP: 4/8
  3902 | D:3      | Found a white marble altar of Elyvilon.
  4180 | D:4      | Found a hide-covered altar of Uskayaw.
  4220 | D:4      | Learned a level 3 spell: Conjure Flame
  4238 | D:4      | Found a runed translucent door.
  4238 | D:4      | Noticed WLBjork's ghost (amateur HOMo)
  4389 | D:4      | Found a glowing drain.
  4446 | Sewer    | Entered a sewer
  4597 | Sewer    | Reached XP level 6. HP: 30/38 MP: 3/9
  4797 | D:4      | Reached skill level 1 in Staves
  5514 | D:5      | Entered Level 5 of the Dungeon
  5514 | D:5      | Noticed a black bear
  5711 | D:5      | Reached skill level 1 in Shields
  5765 | D:5      | Found a broken altar of Ashenzari.
  5771 | D:5      | Found a shadowy altar of Dithmenos.
  5773 | D:5      | Became a worshipper of Ashenzari the Shackled
  5784 | D:5      | Found a sacrificial altar of Ru.
  5784 | D:5      | Found a hazy altar of Hepliaklqana.
  5791 | D:5      | Found an ancient bone altar of Kikubaaqudgha.
  6019 | D:5      | Reached XP level 7. HP: 45/45 MP: 4/11
  6299 | D:5      | Reached skill level 5 in Stealth
  6299 | D:5      | Reached skill level 5 in Fire Magic
  7011 | D:5      | Found Ocvatail's Jewellery Boutique.
  7145 | D:5      | Reached XP level 8. HP: 48/52 MP: 7/13
  7385 | D:5      | Learned a level 3 spell: Inner Flame
  7390 | D:5      | Learned a level 4 spell: Flame Wave
  7629 | D:6      | Found the +18 Lear's hauberk
  8115 | D:6      | Reached * piety under Ashenzari
  8231 | D:6      | Found an iron altar of Okawaru.
  8331 | D:6      | Found a staircase to the Ecumenical Temple.
  8958 | D:6      | Reached XP level 9. HP: 58/58 MP: 8/16
  9076 | D:7      | Identified the +3 shortbow of the Philosopher {freeze,
                  | +Blink rCorr Dex+4 Stlth+}
  9157 | D:7      | Succumbed to a kobold brigand's curare-tipped dart

Illustrated notes

Levels and vault maps discovered:
D:1:      grunt_arrival_lava_bath, layout_loops_ring,
          shapermc_ecumenical_altar_starsandcircs,
          wander_ebering_terrifying_dragon_lair
D:2:      layout_rooms, serial_curves, eino_curves_02, eino_curves_04,
          uniq_jessica
D:3:      layout_basic, mainiacjoe_overflow_alcove_1,
          mainiacjoe_overflow_alcove_2, lemuel_coloured_pillars_altar,
          overflow_temple_1_default, minmay_tree_intersection
D:4:      layout_cave_pools, nicolae_uskayaw_murder_on_the_dancefloor,
          gammafunk_ghost_grave, portal_sewer_entry_d, nrook_mini_vaults,
          st_stairs_6
D:5:      layout_basic, nicolae_overflow_hallway_of_the_gods, serial_shops,
          nicolae_shop_hallway_plus
D:6:      layout_loops_ring, mainiacjoe_overflow_brackets,
          minmay_temple_entry_antechambers
D:7:      nicolae_whirlpool, layout_rooms, enter_bailey_5

Skill      XL: |  1  2  3  4  5  6  7  8 |
---------------+-------------------------+-----
Stealth        | 3 4 5 6 |  6.2
Fighting       | 1 2 3 |  3.4
Fire Magic     | 4 5 6 |  6.2
Conjurations   | 2 3 |  3.8
Staves         | 1 2 3 |  3.1
Dodging        | 3 4 |  4.2
Shields        | 1 2 3 |  3.1
Spellcasting   | 3 |  3.9

Action                   |  1- 3 |  4- 6 |  7- 9 || total
-------------------------+-------+-------+-------++-------
Melee: Unarmed           |     9 |       |       ||     9
       Constrict         |     3 |     2 |     6 ||    11
       Tentacles         |     2 |       |     9 ||    11
       Staff             |       |     4 |    36 ||    40
 Cast: Foxfire           |    62 |   132 |    76 ||   270
       Scorch            |       |     8 |    28 ||    36
       Conjure Flame     |       |       |     3 ||     3
Invok: Curse Item        |       |       |     2 ||     2
  Use: Scroll            |       |    16 |       ||    16
       Potion            |       |     1 |     1 ||     2
 Stab: Sleeping          |     2 |     1 |     1 ||     4
Armor: Skin              |     3 |     5 |    17 ||    25
Dodge: Dodged            |    23 |     8 |    53 ||    84
Block: Buckler           |       |     3 |    27 ||    30

Table legend: (Time is in decaauts)
 A = Elapsed time spent in this place.
 B = Non-inter-level travel time spent in this place.
 C = Inter-level travel time spent in this place.
 D = Time resting spent in this place.
 E = Time spent auto-exploring this place.
 F = Levels seen in this place.
 G = Mean time per level.
                   A        B        C        D        E       F      G
               +--------+--------+--------+--------+--------+-----+--------+
         Total |   9169 |   8811 |    358 |   1469 |   6082 |   8 | 1146.1 |
       Dungeon |   8914 |   8556 |    358 |   1469 |   5881 |   7 | 1273.4 |
         Sewer |    255 |    255 |      0 |      0 |    201 |   1 |  255.0 |
               +--------+--------+--------+--------+--------+-----+--------+

Top non-repeatable levels by time:
     D:5: 1934 daAuts
     D:1: 1560 daAuts
     D:6: 1531 daAuts
     D:3: 1480 daAuts
     D:4: 1244 daAuts
     D:2: 1120 daAuts
   Sewer: 255 daAuts
     D:7: 42 daAuts
